 Dungeon Crawl Stone Soup version 0.30.1-3-gfc49f6343a (webtiles) character file.

Game seed: 16336416754497754074

3965 Destapler the Trooper (level 10, -4/129 (147) HPs)
             Began as a Troll Berserker on Aug 4, 2023.
             Was a Priest of Trog.
             Slain by Erica
             ... wielding a +3 scimitar of flaming
              (10 damage)
             ... on level 8 of the Dungeon.
             The game lasted 00:21:58 (7250 turns).

Destapler the Trooper (Troll Berserker)             Turns: 7250, Time: 00:21:59

HP:   -4/129 (147)  AC:  4    Str: 31    XL:     10   Next: 2%
MP:   9/9           EV: 10    Int:  3    God:    Trog [***...]
Gold: 385           SH: 14    Dex:  9    Spells: 9/9 levels left

rFire   . .          .
                       - Unarmed
rCold   + . .        c - +0 kite shield
rNeg    . . .        G - +0 animal skin
rPois   .            (helmet restricted)
rElec   .            (no cloak)
rCorr   .            (gloves unavailable)
SInv    .            (boots unavailable)
Will    ++...        L - amulet of reflection Stlth
                     p - ring of protection from cold
HPRegen 2.21/turn    Q - ring of flight
MPRegen 0.11/turn

%: reflection
@: berserking, strong-willed, attractive, flying, regenerating, heavily drained,
very quick
A: large, unfitting armour, claws 3, regeneration 1, shaggy fur 1, tough skin 1
a: Renounce Religion, Berserk, Trog's Hand


You were on level 8 of the Dungeon.
You worshipped Trog.
Trog was most pleased with you.
You visited 1 branch of the dungeon, and saw 8 of its levels.
You also visited: Ossuary.

You collected 385 gold pieces.

Inventory:

Hand Weapons
 a - the +7 sling of Makhleb's Respect {speed, Dex+8}
   (You found it on level 5 of the Dungeon)

   Dex:       It affects your dexterity (+8).
 o - a +0 flail
 N - a +0 flail of holy wrath
Missiles
 h - 5 silver javelins (quivered)
 q - 10 boomerangs
Armour
 c - a +0 kite shield (worn)
 G - a +0 animal skin (worn)
Jewellery
 p - a ring of protection from cold (left claw)
 L - an amulet of reflection (around neck)
 Q - a ring of flight (right claw)
Wands
 K - a wand of acid (11)
 M - a wand of flame (21)
 O - a wand of charming (9)
 P - a wand of iceblast (13)
Scrolls
 b - 4 scrolls of identify
 d - 2 scrolls of poison {unknown}
 e - 4 scrolls of magic mapping {unknown}
 g - a scroll of butterflies {unknown}
 m - a scroll of vulnerability {unknown}
 n - a scroll of enchant weapon {unknown}
 s - a scroll of amnesia {unknown}
 u - 4 scrolls of noise {unknown}
 w - 2 scrolls of silence {unknown}
 y - 2 scrolls of fear {unknown}
 A - 2 scrolls of blinking {unknown}
 B - 3 scrolls of immolation {unknown}
 C - 2 scrolls of teleportation {unknown}
 E - a scroll of fog {unknown}
 H - 2 scrolls of enchant armour {unknown}
 I - 2 scrolls of brand weapon {unknown}
Potions
 i - 3 potions of heal wounds {unknown}
 j - 2 potions of might {unknown}
 k - a potion of haste {unknown}
 l - 3 potions of attraction
 r - 2 potions of ambrosia {unknown}
 t - 2 potions of lignification {unknown}
 v - 2 potions of mutation {unknown}
 x - a potion of invisibility {unknown}
 z - 3 potions of curing
 D - a potion of resistance {unknown}
 F - a potion of brilliance {unknown}
 J - a potion of cancellation {unknown}


   Skills:
 + Level 6.2 Fighting
 - Level 3.0 Ranged Weapons
 - Level 3.0 Throwing
 - Level 3.0 Armour
 - Level 6.0 Dodging
 - Level 6.0 Shields
 - Level 6.0 Unarmed Combat


You had 9 spell levels left.
You didn't know any spells.
Your spell library contained the following spells:

 Spells                   Type           Power      Damage    Failure   Level
 Summon Small Mammal      Summ           0%         N/A       71%         1
 Scorch                   Fire           0%         2d5       85%         2
 Sublimation of Blood     Necr           0%         N/A       85%         2
 Call Canine Familiar     Summ           0%         N/A       97%         3
 Summon Guardian Golem    Hex/Summ       0%         N/A       97%         3
 Flame Wave               Conj/Fire      0%         2d4       100%        4
 Petrify                  Tmut/Erth      0%         N/A       100%        4
 Blade Hands              Tmut           0%         N/A       100%        5
 Irradiate                Conj/Tmut      0%         3d11      100%        5
 Summon Cactus Giant      Summ           0%         N/A       100%        6
 Dragon Form              Tmut           0%         N/A       100%        7


Dungeon Overview and Level Annotations

Branches:
Dungeon (8/15)             Temple (0/1) D:7         Ossuary (visited)
   Lair: D:8-11

Altars:
Dithmenos
Fedhas
Kikubaaqudgha
Makhleb
Nemelex Xobeh
Ru
Sif Muna
Xom
Yredelemnul

Shops:
D:1 (   D:7 :

Annotations:
D:8 Erica


Innate Abilities, Weirdness & Mutations

You are too large for most types of armour.
You have claws for hands.
Your natural rate of healing is unusually fast.
You are covered in fur. (AC +1)
You have tough skin. (AC +1)


Message History

A red film seems to cover your vision as you go berserk!
You feel yourself moving faster!
You feel mighty! Something hits you!
* * * LOW HITPOINT WARNING * * *
Something burns you!
* * * LOW HITPOINT WARNING * * *
The wight hits you with a +5 short sword!
* * * LOW HITPOINT WARNING * * *
You feel drained.
* * * LOW HITPOINT WARNING * * *
You block the wight's attack.
You miss something. You closely miss something. Something hits you!!
* * * LOW HITPOINT WARNING * * *
Something burns you.
* * * LOW HITPOINT WARNING * * *
You block the wight's attack.
The wight hits you with a +0 long sword.
* * * LOW HITPOINT WARNING * * *
You feel drained.
* * * LOW HITPOINT WARNING * * *
You don't know any spells.
Press: ? - help, v - describe, . - travel
Here: a wight, wielding a +5 short sword and wearing a +0 robe The floor.
You are too berserk!
Unknown command.
You mangle the wight!!
You feel the power of Trog in you as your rage grows.
You destroy the wight!
Trog accepts your kill. Something hits you!
* * * LOW HITPOINT WARNING * * *
Something burns you.
* * * LOW HITPOINT WARNING * * *
You block the wight's attack.
Training target 6.0 for Dodging reached!
Your Dodging skill increases to level 6!
You barely miss something. You closely miss something. Something hits you!
You die...

#... ##...# .... .....
... .....## #..
....... #..##..#....
#..........#
#...z...###
###)@).....####.
#.#..{.....#.#..
##...............
##........#.......
#.............#... #
##.........(...... #
##..#...........# .##
#...#.......(...##..#.
#.........##.....#)...


You could see a wight.

Vanquished Creatures
  Psyche (D:8)
  Grum (D:8)
  2 water moccasins
  An orc warrior (D:7)
  A sky beast (D:7)
  A hornet zombie (Ossuary)
  2 ice beasts
  A black bear (D:7)
  A centaur (D:6)
  An ogre (D:5)
  3 wolves
  A phantom (D:5)
  3 bullfrogs
  A scorpion (D:6)
  2 water moccasin zombies (Ossuary)
  2 wights (D:8)
  5 killer bees
  A howler monkey (D:7)
  A crimson imp (D:5)
  7 bullfrog zombies (Ossuary)
  4 hounds
  2 centaur zombies (Ossuary)
  2 jellies (D:7)
  4 orc priests
  11 mummies (Ossuary)
  9 iguanas
  5 orc wizards
  Natasha (thrice) (D:3)
  6 killer bee zombies (Ossuary)
  A howler monkey zombie (Ossuary)
  3 gnolls (D:5)
  4 adders
  A white imp (D:5)
  4 ufetubi
  A dart slug (D:2)
  32 orcs
  5 bats
  6 endoplasms
  A giant cockroach (D:2)
  4 goblins
  6 hobgoblins
  5 quokkas
  5 ball pythons
  4 frilled lizards
  8 kobolds
  5 rats
179 creatures vanquished.

Notes
Turn   | Place    | Note
-------+----------+-------------------------------------------
     0 | D:1      | Destapler the Troll Berserker began the quest for the Orb.
     0 | D:1      | Reached XP level 1. HP: 22/22 MP: 0/0
   135 | D:1      | Reached XP level 2. HP: 29/29 MP: 1/1
   442 | D:1      | Found Vahurch's Antique Weapon Shoppe.
   962 | D:2      | Reached skill level 1 in Throwing
   988 | D:2      | Reached XP level 3. HP: 36/36 MP: 2/2
  1124 | D:2      | Reached ** piety under Trog
  1619 | D:3      | Reached XP level 4. HP: 44/44 MP: 3/3
  1698 | D:3      | Noticed Natasha
  1711 | D:3      | Killed Natasha
  1888 | D:3      | Reached XP level 5. HP: 53/53 MP: 4/4
  1892 | D:3      | Reached skill level 1 in Armour
  2275 | D:3      | Noticed Natasha
  2287 | D:3      | Killed Natasha
  2436 | D:3      | Noticed Natasha
  2440 | D:3      | Killed Natasha
  2441 | D:3      | Reached skill level 1 in Shields
  3093 | D:4      | Found an ancient bone altar of Kikubaaqudgha.
  3218 | D:4      | Found a sand-covered staircase.
  3235 | Ossuary  | Entered an ossuary
  3260 | Ossuary  | Reached XP level 6. HP: 46/61 MP: 5/5
  3336 | Ossuary  | Reached XP level 7. HP: 52/67 MP: 6/6
  3604 | Ossuary  | Reached *** piety under Trog
  3605 | Ossuary  | Reached XP level 8. HP: 78/78 MP: 7/7
  4126 | D:5      | Entered Level 5 of the Dungeon
  4194 | D:5      | Reached skill level 5 in Unarmed Combat
  4285 | D:5      | Found a burning altar of Makhleb.
  4286 | D:5      | Found a shimmering altar of Xom.
  4297 | D:5      | Found a sacrificial altar of Ru.
  4351 | D:5      | Found a blossoming altar of Fedhas.
  4351 | D:5      | Found a faded altar of an unknown god.
  4359 | D:5      | Found a faded altar of an unknown god.
  4361 | D:5      | Found a shimmering blue altar of Sif Muna.
  4363 | D:5      | Found a sparkling altar of Nemelex Xobeh.
  4467 | D:5      | Identified the +7 sling of Makhleb's Respect {speed, Dex+8}
  4946 | D:6      | Reached skill level 1 in Ranged Weapons
  5104 | D:6      | Reached skill level 5 in Shields
  5171 | D:6      | Found a shadowy altar of Dithmenos.
  5305 | D:6      | Reached XP level 9. HP: 85/85 MP: 8/8
  5774 | D:7      | Found a basalt altar of Yredelemnul.
  5965 | D:7      | Found a staircase to the Ecumenical Temple.
  5982 | D:7      | Reached **** piety under Trog
  6024 | D:7      | Found Manet's Book Emporium.
  6316 | D:8      | Noticed Psyche
  6326 | D:8      | Killed Psyche
  6327 | D:8      | Reached skill level 5 in Fighting
  6327 | D:8      | Reached skill level 5 in Dodging
  6327 | D:8      | Noticed Grum
  6488 | D:8      | Killed Grum
  6537 | D:8      | Noticed Erica
  7235 | D:8      | Reached XP level 10. HP: 98/98 MP: 9/9
  7248 | D:8      | HP: 5/127 [something (10)]
  7250 | D:8      | Slain by Erica

Illustrated notes

Levels and vault maps discovered:
D:1:      spicycebolla_green_bress_n_ham_2, layout_basic, serial_shops,
          nicolae_shop_trees, serial_forest, infiniplex_forest_clump_cross,
          infiniplex_forest_straight_2, infiniplex_forest_straight_5,
          infiniplex_forest_clump_small, infiniplex_forest_clump_tiny,
          minmay_tetromino_o2
D:2:      layout_basic, chequers_serial_rivers_large_a
D:3:      layout_basic, mrwooster_statue_mirror, minmay_close_crescents,
          uniq_natasha
D:4:      layout_loops_ring, mainiacjoe_overflow_tiny_flanked,
          chequers_ossuary_entry_cave, moated_statue
D:5:      layout_basic, grunt_temple_overflow_champion_of_chaos,
          lemuel_crystal_altar, chequers_temple_overflow_minitemple
D:6:      layout_basic, mainiacjoe_overflow_brackets, nicolae_figureground_pulse
D:7:      layout_basic, yredelemnul_altar_generic,
          minmay_temple_entry_mini_moons, serial_shops,
          nicolae_shop_tiny_statue_garden
D:8:      layout_cave_pools, mainiacjoe_overflow_two_lobes, uniq_grum,
          uniq_erica, uniq_psyche

Skill      XL: |  1  2  3  4  5  6  7  8  9 10 |
---------------+-------------------------------+-----
Throwing       | 1 2 3 |  3.0
Fighting       | 3 4 6 |  6.2
Dodging        | 3 4 5 6 |  6.0
Armour         | 1 2 3 |  3.0
Shields        | 1 2 3 5 6 |  6.0
Unarmed Combat | 4 5 6 |  6.0
Ranged Weapons | 1 3 |  3.0

Action                     |  1- 3 |  4- 6 |  7- 9 | 10-12 || total
---------------------------+-------+-------+-------+-------++-------
  Melee: Unarmed           |    88 |   128 |   367 |     9 ||   592
         Punch             |     1 |       |       |       ||     1
   Fire: Sling             |       |       |    96 |       ||    96
  Throw: Large rock        |       |       |     3 |     2 ||     5
 Invoke: Trog's Hand       |       |     3 |     4 |     1 ||     8
         Berserk           |       |     2 |     4 |     1 ||     7
    Use: Scroll            |       |       |     3 |       ||     3
         Potion            |       |       |     1 |     2 ||     3
 Armour: Animal skin       |    27 |    21 |    59 |       ||   107
  Dodge: Dodged            |    41 |    48 |   141 |     4 ||   234
  Block: Kite shield       |       |    30 |   226 |    14 ||   270
         Reflection        |       |       |     2 |       ||     2
